 Seeded DCSS version 0.28-a0-1505-g8c907de6ad (webtiles) character file.

Game seed: 16310193285228002068 (custom seed)

1819 wilfster70 the Thaumaturge (level 9, -4/63 HPs)
             Began as a Djinni Fire Elementalist on Jan 13, 2022.
             Was an Initiate of Gozag.
             Slain by a gnoll sergeant (10 damage)
             ... on level 6 of the Dungeon.
             The game lasted 00:17:14 (7048 turns).

wilfster70 the Thaumaturge (DjFE)                   Turns: 7048, Time: 00:17:15

Health: -4/63      AC:  3    Str:  7    XL:     9   Next: 32%
Gold:   315        EV: 12    Int: 21    God:    Gozag SH:  0 Dex: 14

rFire   + + +      SeeInvis +   a - +2 dagger (venom)
rCold   . . .      Faith    .   (no shield)
rNeg    . . .      Spirit   .   e - +1 robe
rPois   ∞          Reflect  .   (no helmet)
rElec   .          Harm     .   (no cloak)
rCorr   .          Rampage  .   (no gloves)
Will    .....                   (boots unavailable)
Stlth   ++........              (no amulet)
HPRegen 0.20/turn               s - ring of ice
MPRegen 0.00/turn               j - ring of Huomaxtue {rF++ MP-9 Slay+4 SInv}

@: gold aura, flying
A: sickness immunity, fire resistance 2, cold vulnerability 1, float, innate
caster, hp casting, extra vitality 1
a: Renounce Religion, Potion Petition, Call Merchant, Bribe Branch


You were on level 6 of the Dungeon.
You worshipped Gozag.
Gozag was aware of your devotion.
You visited 1 branch of the dungeon, and saw 6 of its levels.
You also visited: Ossuary.

You collected 854 gold pieces.
You spent 374 gold pieces at shops.
You paid 165 gold pieces to Gozag.

Inventory:

Hand Weapons
 a - a +2 dagger of venom (weapon)
Missiles
 c - 52 sling bullets
 i - 195 stones
Armour
 e - a +1 robe (worn)
Jewellery
 h - a ring of resist corrosion
 j - the ring of Huomaxtue (right hand) {rF++ MP-9 Slay+4 SInv}
   (You bought it in a shop on level 1 of the Dungeon)

   [ring of see invisible]

   Slay:      It affects your accuracy & damage with ranged weapons and melee
   (+4).
   rF:        It greatly protects you from fire.
   MP:        It affects your magic capacity (-9).
   SInv:      It lets you see invisible.
 s - a ring of ice (left hand)
 w - a +4 ring of evasion
Wands
 f - a wand of charming (12)
Scrolls
 r - a scroll of identify
 u - a scroll of fog
 x - a scroll of enchant armour
Potions
 b - 2 potions of heal wounds
 d - a potion of haste {unknown}
 g - a potion of berserk rage {unknown}
 k - 4 potions of mutation {unknown}
 l - 7 potions of curing {unknown}
 m - 2 potions of flight {unknown}
 n - 2 potions of degeneration {unknown}
 o - a potion of ambrosia {unknown}
 p - a potion of attraction {unknown}
 q - a potion of brilliance {unknown}
 t - a potion of experience {unknown}
 v - a potion of invisibility {unknown}


   Skills:
 + Level 4.3 Fighting
 - Level 2.2 Dodging
 - Level 1.6 Stealth
 - Level 8.5 Spellcasting


You had 3 spell levels left.
You knew the following spells:

 Your Spells              Type           Power      Damage    Failure   Level
a - Foxfire               Conj/Fire      100%       2x1d9     1%          1
b - Scorch                Fire           88%        2d9       1%          2
c - Conjure Flame         Conj/Fire      44%        6-21      1%          3
d - Inner Flame           Hex/Fire       44%        N/A       1%          3
e - Flame Wave            Conj/Fire      44%        2d8       2%          4
f - Animate Skeleton      Necr           88%        N/A       1%          1
g - Ensorcelled Hibernat  Hex/Ice        100%       N/A       1%          2
h - Passwall              Tmut/Erth      36%        N/A       1%          2
i - Anguish               Hex/Necr       22%        N/A       2%          4
Your spell library was empty.

Dungeon Overview and Level Annotations

Branches:
Dungeon (6/15)            Ossuary (visited)
 Temple: D:4-7

Altars:
Ashenzari
Cheibriados
Fedhas
Gozag
Nemelex Xobeh
Okawaru
Qazlal
Vehumet

Shops:
D:1 =   D:4 (


Innate Abilities, Weirdness & Mutations

You are immune to sickness and miasma.
You are immune to poison.
Your flesh is very heat resistant. (rF++)
You are vulnerable to cold. (rC-)
You float through the air rather than walking.
You learn spells naturally, not from books.
Your magical power is your life essence.
You have superior vitality. (+4 MHP)


Message History

The gnoll hits you with a +0 club.
Casting: Flame Wave (dangerous; 2% risk of failure)
Confirm with . or Enter, or press ? or * to list all spells.
Casting: Flame Wave (dangerous; 2% risk of failure)
Press: ? - help, Dir - look around, f - activate A wave of flame ripples out!
The flame wave engulfs the gnoll.
The gnoll is almost dead. (Press . to intensify the flame waves.)
The gnoll is no longer more vulnerable to fire.
The gnoll barely misses you. The gnoll hits you with a +0 club.
A wave of flame ripples out!
The flame wave engulfs the gnoll!
You kill the gnoll!
The flame wave engulfs the gnoll!
The gnoll is burned terribly!
You kill the gnoll!
Casting: Flame Wave (dangerous; 2% risk of failure)
Confirm with . or Enter, or press ? or * to list all spells.
Flames lash the gnoll.
You kill the gnoll!
A gnoll comes into view. It is wielding a +0 whip.
The gnoll is distracted by your dazzling golden aura.
The gnoll sergeant hits you from afar with a +0 trident.
Casting: Scorch (safe; 1% risk of failure)
Confirm with . or Enter, or press ? or * to list all spells.
Flames lash the gnoll sergeant.
The gnoll sergeant is moderately wounded.
The gnoll sergeant's fire resistance burns away.
The gnoll shouts!
The gnoll sergeant closely misses you.
The gnoll is no longer distracted by gold.
The gnoll sergeant hits you from afar with a +0 trident.
Casting: Scorch (safe; 1% risk of failure)
Confirm with . or Enter, or press ? or * to list all spells.
Flames lash the gnoll.
You kill the gnoll!
The gnoll sergeant hits you from afar with a +0 trident!
* * * LOW HITPOINT WARNING * * *
Your magical contamination has completely faded away.
The gnoll sergeant hits you from afar with a +0 trident!
You die...
Your body crumbles into a pile of gold.

.....#.##.#########........#.#
##..>#.##.# #...=..........#
.....#.##.# #.###.#.####.###
.#.#.#.# .# #.# #.#.# #.#
.#.#.#.# #.# #.#.# #.# .#.#.#
##.###.#.# #.# .#.#.#
#......#.# #.# ...#.#
#..########.# #.# .#.#
#!.gg$@.....####.# <###
....####(.........# .# #
##.####### .# #.# .# #.# #.#
#.# #.# ##################.#


You could see a gnoll sergeant (combustible) and a gnoll.

Vanquished Creatures
  Sigmund (D:5)
  A water moccasin (D:5)
  A black bear (D:5)
  3 ice beasts
  3 ogres
  A sky beast (D:5)
  A necrophage (D:6)
  A wyvern zombie (D:6)
  A scorpion (D:5)
  A howler monkey (D:4)
  A hound (D:3)
  2 jellies (D:4)
  A bullfrog skeleton (D:5)
  A gnoll shaman (D:4)
  An iguana (D:5)
  An orc wizard (D:3)
  9 mummies
  A hound zombie (D:5)
  A hound skeleton (D:5)
  9 gnolls
  8 adders
  An ufetubus (D:6)
  3 worms
  6 orcs
  7 endoplasms
  5 giant cockroaches
  5 goblins
  A hobgoblin (D:1)
  10 jackals
  3 quokkas
  8 ball pythons
  7 bats
  6 frilled lizards
  3 hobgoblin zombies (Ossuary)
  3 kobolds
  A kobold zombie (Ossuary)
  4 orc zombies (Ossuary)
  3 rats
125 creatures vanquished.

Vanquished Creatures (others)
  309 foxfires
  4 plants (D:4)
313 creatures vanquished.

Grand Total: 438 creatures vanquished

Notes
Turn   | Place    | Note
-------+----------+-------------------------------------------
     0 | D:1      | wilfster70 the Djinni Fire Elementalist began the quest for
                  | the Orb.
     0 | D:1      | Reached XP level 1. HP: 15/15 MP: 0/0
   215 | D:1      | Reached XP level 2. HP: 15/21 MP: 0/0
   347 | D:1      | Found a faded altar of an unknown god.
   411 | D:1      | Reached skill level 3 in Spellcasting
   651 | D:1      | Found Vingojas's One-of-a-Kind Rings.
   876 | D:2      | Reached XP level 3. HP: 22/25 MP: 0/0
   876 | D:2      | Learned a level 1 spell: Animate Skeleton
  1402 | D:2      | Found a broken altar of Ashenzari.
  2041 | D:3      | Reached XP level 4. HP: 28/31 MP: 0/0
  2509 | D:3      | Reached skill level 4 in Spellcasting
  2606 | D:3      | Reached XP level 5. HP: 30/35 MP: 0/0
  2606 | D:3      | Learned a level 2 spell: Ensorcelled Hibernation
  2654 | D:3      | Found a sparkling altar of Nemelex Xobeh.
  3176 | D:4      | Found Hupled's Antique Weapon Shoppe.
  3205 | D:4      | Reached XP level 6. HP: 29/40 MP: 0/0
  3221 | D:4      | Reached skill level 5 in Spellcasting
  3392 | D:4      | Found a sand-covered staircase.
  3406 | Ossuary  | Entered an ossuary
  3774 | Ossuary  | Reached XP level 7. HP: 42/45 MP: 0/0
  3774 | Ossuary  | Learned a level 2 spell: Passwall
  4222 | D:4      | Reached skill level 6 in Spellcasting
  4249 | D:4      | Found an iron altar of Okawaru.
  4249 | D:4      | Found an opulent altar of Gozag.
  4251 | D:4      | Found a blossoming altar of Fedhas.
  4258 | D:4      | Became a worshipper of Gozag Ym Sagoz the Greedy
  4868 | D:4      | Found a stormy altar of Qazlal.
  4949 | D:5      | Entered Level 5 of the Dungeon
  5215 | D:1      | Bought the ring of Huomaxtue {rF++ MP-9 Slay+4 SInv} for
                  | 374 gold pieces
  5323 | D:5      | Found a snail-covered altar of Cheibriados.
  5332 | D:5      | Reached XP level 8. HP: 45/50 MP: 0/0
  5508 | D:5      | Reached skill level 7 in Spellcasting
  6348 | D:5      | Noticed Sigmund
  6353 | D:5      | Killed Sigmund
  6354 | D:5      | Reached skill level 8 in Spellcasting
  6520 | D:6      | Reached XP level 9. HP: 29/55 MP: 0/0
  6520 | D:6      | Learned a level 4 spell: Anguish
  6810 | D:6      | Reached skill level 1 in Fighting
  7048 | D:6      | Slain by a gnoll sergeant

Illustrated notes

Levels and vault maps discovered:
D:1:      co_arrival_square_in_a_square_in_a_square, layout_rooms,
          chequers_ecumenical_altar_simple, nicolae_shop_unique_rings
D:2:      layout_basic, basic_altar, hangedman_decor_growths,
          wander_ebering_terrifying_dragon_lair
D:3:      layout_basic, mainiacjoe_overflow_alcove_1,
          minmay_misc_feat_four_crosses, kennysheep_donut,
          small_statue_intersection
D:4:      layout_loops_cross, nicolae_overflow_hidden_temple,
          gammafunk_temple_overflow_claw, serial_shops,
          nicolae_shop_overgrown_old_shop, gup_ossuary_entry_pyramid
D:5:      black_bear_nest_1, layout_loops_ring, grunt_temple_overflow_open,
          uniq_sigmund
D:6:      layout_basic, minmay_temple_entry_trees

Skill      XL: |  1  2  3  4  5  6  7  8  9 |
---------------+----------------------------+-----
Spellcasting   | 3 4 5 6 8 |  8.5
Fighting       | 4 |  4.3
Dodging        | |  2.2
Stealth        | |  1.6

Action                   |  1- 3 |  4- 6 |  7- 9 || total
-------------------------+-------+-------+-------++-------
Melee: Dagger            |     5 |     7 |       ||    12
 Cast: Foxfire           |    58 |    75 |    53 ||   186
       Scorch            |     4 |    10 |    40 ||    54
       Flame Wave        |       |       |     3 ||     3
  Use: Scroll            |     2 |     5 |     4 ||    11
Armor: Robe              |    10 |     8 |     5 ||    23
Dodge: Dodged            |    30 |    34 |    27 ||    91

Table legend: (Time is in decaauts)
 A = Elapsed time spent in this place.
 B = Non-inter-level travel time spent in this place.
 C = Inter-level travel time spent in this place.
 D = Time resting spent in this place.
 E = Time spent auto-exploring this place.
 F = Levels seen in this place.
 G = Mean time per level.
                   A        B        C        D        E       F      G
               +--------+--------+--------+--------+--------+-----+--------+
         Total |   7050 |   6751 |    299 |   2253 |   2503 |   7 | 1007.1 |
       Dungeon |   6552 |   6253 |    299 |   2007 |   2503 |   6 | 1092.0 |
       Ossuary |    497 |    497 |      0 |    246 |      0 |   1 |  497.0 |
               +--------+--------+--------+--------+--------+-----+--------+

Top non-repeatable levels by time:
     D:4: 1365 daAuts
     D:5: 1363 daAuts
     D:2: 1221 daAuts
     D:3: 1125 daAuts
     D:1: 858 daAuts
     D:6: 618 daAuts
 Ossuary: 497 daAuts
